 Dungeon Crawl Stone Soup version 0.23-a0-270-gab6feb3 (webtiles) character file.

93993 Amnesiac the Earth Mage (level 16, -4/129 HPs)
             Began as a Ghoul Earth Elementalist on Oct 1, 2018.
             Was a High Priest of Vehumet.
             Slain by an alligator (22 damage)
             ... on level 1 of the Snake Pit.
             The game lasted 01:24:14 (27787 turns).

Amnesiac the Earth Mage (Ghoul Earth Elementalist) Turns: 27787, Time: 01:24:15

Health: -4/129     AC: 19    Str: 14    XL:     16   Next: 10%
Magic:  5/30       EV: 15    Int: 18    God:    Vehumet [*****.]
Gold:   2072       SH:  7    Dex:  9    Spells: 8/37 levels left

rFire    + . .     SeeInvis .   a - staff of earth
rCold    + . .     Gourm    .   z - +3 buckler {AC+3}
rNeg     + + +     Faith    .   t - +1 leather armour {rF+}
rPois    ∞         Spirit   .   y - +2 helmet {Int+3}
rElec    .         Reflect  .   O - scarf {repulsion}
rCorr    .         Harm     +   g - +2 pair of gloves
MR       +....                  J - +2 pair of boots
Stlth    +.........             L - amulet of harm
HPRegen  0.00/turn              (no ring)
MPRegen  0.22/turn              A - +3 ring of protection

@: rotting, repel missiles
A: rotting body, claws 1, carnivore, cold resistance 1, negative energy
resistance 3, inhibited regeneration, torment resistance, unbreathing
a: Renounce Religion


You were on level 1 of the Snake Pit.
You worshipped Vehumet.
Vehumet was extremely pleased with you.
You were not hungry.

You visited 4 branches of the dungeon, and saw 20 of its levels.
You also visited: Sewer, Ossuary and Bailey.

You collected 2281 gold pieces.
You spent 209 gold pieces at shops.

Inventory:

Hand Weapons
 b - a +6 scimitar of slicing
 m - a +0 blowgun
Missiles
 n - 46 poisoned needles
 w - 27 stones (quivered)
Armour
 g - a +2 pair of gloves (worn)
 t - a +1 leather armour of fire resistance (worn)
 y - a +2 helmet of intelligence (worn)
 z - a +3 buckler of protection (worn)
 J - a +2 pair of boots (worn)
 O - a scarf of repulsion (worn)
 U - a +2 cloak of magic resistance
 W - a +3 buckler of resistance
Magical Staves
 a - an uncursed staff of earth (weapon)
Jewellery
 A - a +3 ring of protection (right hand)
 B - a +2 ring of slaying
 L - an amulet of harm (around neck)
 S - the ring of the Firefly {rElec rN+ AC-3 Stlth+}
   (You found it on level 11 of the Dungeon)

   [ring of protection]

   It affects your AC (-3).
   It insulates you from electricity.
   It protects you from negative energy.
   It makes you more stealthy.
Wands
 c - a wand of disintegration (8)
 e - a wand of enslavement (7)
 i - a wand of flame (106)
 u - a wand of digging (11)
 D - a wand of polymorph (35)
 G - a wand of scattershot (9)
 M - a wand of iceblast (3)
 P - a wand of paralysis (18)
 V - a wand of acid (6)
 Y - a wand of random effects (25)
Scrolls
 f - a scroll of silence {!r}
 j - 10 scrolls of teleportation {!r}
 l - 6 scrolls of remove curse {!r}
 v - 2 scrolls of magic mapping {!r}
 C - 2 scrolls of enchant weapon {!r}
 F - 5 scrolls of identify {!r}
 H - a scroll of brand weapon {!r}
 N - 5 scrolls of blinking {!r}
 Q - 2 scrolls of fear {!r}
 R - a scroll of torment {!r, unknown}
 T - 2 scrolls of amnesia {!r}
Potions
 h - a potion of might {!q}
 k - 12 potions of curing {!q}
 o - 6 potions of agility {!q}
 p - 10 potions of flight {!q}
 q - 5 potions of brilliance {!q}
 r - 15 potions of heal wounds {!q}
 s - a potion of resistance {!q}
 x - 4 potions of haste {!q}
 I - 3 potions of cancellation {!q}
Miscellaneous
 X - a crystal ball of energy
Comestibles
 d - 34 rations


   Skills:
 + Level 8.4 Fighting
 - Level 4.0 Staves
 - Level 8.0 Dodging
 - Level 2.1 Stealth
 - Level 4.0 Shields
 + Level 11.3 Spellcasting
 - Level 0.8 Transmutations
 * Level 19.5 Earth Magic
 - Level 5.0 Evocations


You had 8 spell levels left.
You knew the following spells:

 Your Spells              Type           Power        Failure   Level  Hunger
a - Stone Arrow           Conj/Erth      ######       1%          3    None
b - Passwall              Tmut/Erth      ######..     1%          2    None
c - Petrify               Tmut/Erth      ######..     1%          4    ##.....
d - Lee's Rapid Deconstr  Erth           #######...   1%          5    ####...
e - Sandblast             Erth           ######       0%          1    None
f - Iron Shot             Conj/Erth      ######....   7%          6    ######.
g - Fireball              Conj/Fire      ##........   50%         5    ####...
w - Mephitic Cloud        Conj/Pois/Air  ##......     7%          3    None

Your spell library contained the following spells:

 Spells                   Type           Power        Failure   Level  Hunger
 Poison Arrow             Conj/Pois      ##........   95%         6    ######.
 Flame Tongue             Conj/Fire      ##...        2%          1    None
 Throw Flame              Conj/Fire      ##....       3%          2    None
 Conjure Flame            Conj/Fire      ##......     7%          3    None
 Inner Flame              Hex/Fire       ##......     7%          3    None
 Animate Skeleton         Necr           N/A          9%          1    None
 Pain                     Necr           ##..         9%          1    None
 Sticky Flame             Conj/Fire      ##......     22%         4    ##.....
 Regeneration             Chrm/Necr      ##........   26%         3    None
 Vampiric Draining        Necr           ##........   26%         3    None
 Irradiate                Conj/Tmut      ##........   45%         5    ####...
 Animate Dead             Necr           N/A          65%         4    ##.....
 Statue Form              Tmut/Erth      Unusable     N/A         6    N/A
 Hydra Form               Tmut           Unusable     N/A         6    N/A
 Dragon Form              Tmut           Unusable     N/A         7    N/A

Dungeon Overview and Level Annotations

Branches:
Dungeon (11/15)            Temple (0/1) D:7            Lair (6/6) D:8
  Swamp (0/4) Lair:2        Snake (1/4) Lair:2        Slime (0/5) Lair:5
    Orc (2/2) D:11            Elf (0/3) Orc:2

Altars:
Dithmenos
Gozag
Hepliaklqana
Makhleb
Sif Muna
Trog
Vehumet
Xom
The Shining One
Beogh

Shops:
D:4 (   D:10 *   Orc:2 (([(

Annotations:
Lair:5 2 transporters, Dukluodd's ghost, journeyman HaGl
Orc:2 Saint Roka


Innate Abilities, Weirdness & Mutations

Your body is rotting away.
You thrive on raw meat.
You are immune to poison.
You have sharp fingernails.
You are carnivorous and can eat meat at any time.
Your flesh is cold resistant. (rC+)
You are immune to negative energy. (rN+++)
You do not regenerate when monsters are visible.
You are immune to unholy pain and torment.
You can survive without breathing.


Message History

You block the naga's attack. The naga grabs you. The naga constricts you.
The black mamba bites you but does no damage.
The naga's grasp on you weakens, but your attempt to escape fails.
You block the black mamba's attack. The naga barely misses you.
The naga constricts you. The black mamba bites you.
* * * LOW HITPOINT WARNING * * *
You escape the naga's grasp.
A naga comes into view. It is wielding a trident.
The black mamba bites you but does no damage.
The salamander mystic points at the naga and mumbles some strange words.
The naga seems to speed up.
The naga moves out of view.
The salamander mystic gestures at the naga while chanting.
The naga seems to speed up.
The naga closely misses you. The naga grabs you. The naga constricts you.
The black mamba bites you!
* * * LOW HITPOINT WARNING * * *
You escape the naga's grasp.
The black mamba barely misses you. The naga hits you but does no damage.
The naga barely misses you. You block the black mamba's attack.
You block the naga's attack. The black mamba bites you.
* * * LOW HITPOINT WARNING * * *
You block the black mamba's attack. The black mamba barely misses you.
The black mamba barely misses you. You block the black mamba's attack.
Press: ? - help, v - describe, . - travel
Here: a black mamba The floor.
Press: ? - help, v - describe, . - travel
Here: a black mamba The floor.
The black mamba bites you.
* * * LOW HITPOINT WARNING * * *
Evoke which item? (* to show all) (? for menu, Esc to quit)
Aiming: Scattershot
Press: ? - help, Shift-Dir - straight line, f - black mamba, p - salamander
Aim: a black mamba The burst of metal fragments hits the black mamba. x4
The burst of metal fragments hits the naga.
The burst of metal fragments hits the black mamba. x3
You kill the black mamba!
Vehumet accepts your kill.
The naga is lightly wounded.
You see here an anaconda skeleton. 2 alligators come into view.
The alligator puts on a burst of speed!
The alligator moves out of view.
Found a mace.
Okay, then.
Evoke which item? (* to show all) (? for menu, Esc to quit)
Aiming: Enslavement
Press: ? - help, Shift-Dir - straight line, f - alligator
Aim: an alligator (water, covering ground quickly, chance to defeat MR: 43%)
The alligator resists with some effort.
The salamander mystic casts a spell at the naga.
The naga seems to speed up.
The alligator completely misses you. The alligator tail-slaps you.
* * * LOW HITPOINT WARNING * * *
Unknown command.
Evoke which item? (* to show all) (? for menu, Esc to quit)
Aiming: Enslavement
Press: ? - help, Shift-Dir - straight line, f/p - alligator
Aim: an alligator (water, covering ground quickly, chance to defeat MR: 43%)
The alligator resists with some effort.
The alligator bites you!!
You die...

#≈≈≈ #...N## ≈≈≈≈#
##....## ≈#≈≈≈
##.##.## ≈≈≈≈≈≈
###..N# ≈≈#≈≈≈ #..N#
≈≈≈≈≈≈# ##..#
≈≈≈≈≈≈≈#########N#.#
#..≈t..÷N†N.N....#
.†..≈.#@########...#
P#.≈≈≈≈..# #[..#
#≈###≈≈..# #...# ≈
≈≈≈#.## #>###
≈≈≈≈≈.. ###
≈≈##≈≈#.. ### # ≈≈
≈.. #.### ≈≈≈ ≈).#
##..# #...#


You could see an alligator, a salamander mystic and 2 nagas.

Vanquished Creatures
  Gastronok (Lair:2)
  2 orc warlords
  6 dire elephants (Lair:6)
  Josephine (Lair:4)
  2 naga warriors (Snake:1)
  4 hydras
  Erolcha (Orc:2)
  Harold (D:7)
  3 anacondas
  A two-headed ogre (Orc:2)
  4 death yaks (Lair:6)
  Nergalle (D:10)
  Sonja (Orc:2)
  3 swamp dragons
  3 orc knights
  Pikel (D:8)
  A lindwurm (Lair:3)
  2 orc sorcerers (Orc:2)
  4 oklob plants (Lair:5)
  A cyclops (D:11)
  4 elephants (Lair:6)
  9 black mambas
  3 naga magi (Snake:1)
  15 spiny frogs
  5 komodo dragons
  A rime drake (Lair:5)
  3 trolls
  5 polar bears
  Prince Ribbit (D:6)
  13 hippogriffs
  3 slime creatures (Lair:5)
  13 blink frogs
  Sigmund (D:2)
  4 wraiths (Lair:4)
  8 spriggans
  A basilisk (Lair:4)
  42 yaks
  Grum (D:9)
  3 hungry ghosts
  A warg (Orc:2)
  3 nagas
  2 swamp worms (Snake:1)
  Duvessa (D:4)
  11 water moccasins
  29 orc warriors
  9 porcupines
  A swamp drake (Snake:1)
  3 black bears
  2 phantoms
  2 ice beasts (D:7)
  3 slaves (D:8)
  A necrophage (D:8)
  14 ogres
  14 wolves
  3 centaurs
  9 crocodiles
  16 bullfrogs
  2 big kobolds
  A gnoll sergeant (D:5)
  3 elf skeletons (D:8)
  Dowan (D:4)
  4 scorpions
  A water moccasin skeleton (D:9)
  10 killer bees
  3 wights (D:9)
  5 howler monkeys
  3 jellies
  2 crimson imps
  2 bullfrog zombies
  A centaur zombie (D:5)
  A quasit (D:11)
  2 centaur skeletons
  6 hounds
  26 orc priests
  Crazy Yiuf (D:2)
  A bullfrog skeleton (D:11)
  An iguana (D:7)
  28 orc wizards
  A human skeleton (D:8)
  5 worker ants
  2 big kobold zombies (Ossuary)
  2 hound skeletons (D:6)
  8 mummies (Ossuary)
  A worker ant zombie (D:8)
  Robin (D:2)
  14 adders
  18 gnolls
  A howler monkey skeleton (D:4)
  4 river rats (Sewer)
  3 shadow imps
  4 oozes
  An adder zombie (D:7)
  4 adder skeletons
  2 worms
  4 dart slugs
  10 leopard geckos
  114 orcs
  6 ball pythons
  5 giant cockroaches
  19 goblins
  11 hobgoblins
  14 jackals
  55 kobolds
  7 quokkas
  6 bats
  4 frilled lizards
  2 hobgoblin zombies (Ossuary)
  3 kobold zombies (Ossuary)
  A leopard gecko skeleton (D:5)
  2 orc skeletons (D:8)
  An orc zombie (Ossuary)
  2 quokka skeletons
  A quokka zombie (D:5)
  25 rats
  A bush (Lair:5)
  3 fungi
  10 plants (Lair:6)
783 creatures vanquished.

Vanquished Creatures (others)
  A salamander (Snake:1)
  A slave (D:8)
  8 fungi
  7 plants
17 creatures vanquished.

Grand Total: 800 creatures vanquished

Notes
Turn   | Place    | Note
-------+----------+-------------------------------------------
     0 | D:1      | Amnesiac the Ghoul Earth Elementalist began the quest for
                  | the Orb.
     0 | D:1      | Reached XP level 1. HP: 14/14 MP: 2/2
   142 | D:2      | Reached XP level 2. HP: 15/20 MP: 1/3
   180 | D:2      | Noticed Sigmund
   230 | D:2      | You fall through a shaft!
   234 | D:3      | Reached skill level 4 in Earth Magic
   320 | D:3      | Reached XP level 3. HP: 10/26 MP: 1/5
   356 | D:3      | Learned a level 2 spell: Passwall
   360 | D:3      | Learned a level 3 spell: Stone Arrow
   363 | D:3      | Found a glowing drain.
   408 | Sewer    | Entered a sewer
   542 | Sewer    | Reached XP level 4. HP: 29/33 MP: 6/6
   814 | Sewer    | Reached skill level 5 in Earth Magic
  1101 | Sewer    | Reached XP level 5. HP: 37/37 MP: 5/8
  1678 | D:4      | Found Perolo's Antique Weapon Shop.
  1689 | D:4      | Found a shimmering altar of Xom.
  1886 | D:4      | Noticed an ogre
  2027 | D:4      | Killed an ogre
  2027 | D:4      | Reached skill level 6 in Earth Magic
  2027 | D:4      | Reached XP level 6. HP: 16/45 MP: 0/10
  2036 | D:4      | Learned a level 5 spell: Lee's Rapid Deconstruction
  2310 | D:4      | Reached skill level 7 in Earth Magic
  2422 | D:4      | Found a hazy altar of Hepliaklqana.
  2433 | D:5      | Entered Level 5 of the Dungeon
  2530 | D:4      | Reached XP level 7. HP: 34/50 MP: 0/11
  2865 | D:5      | Noticed Duvessa
  2865 | D:5      | Noticed Dowan
  3444 | D:5      | Reached skill level 8 in Earth Magic
  3651 | D:5      | Found a radiant altar of Vehumet.
  3662 | D:5      | Found a shadowy altar of Dithmenos.
  3708 | D:5      | Became a worshipper of Vehumet
  3809 | D:2      | Noticed Robin
  3823 | D:2      | Killed Robin
  3986 | D:1      | Reached XP level 8. HP: 57/57 MP: 13/13
  4009 | D:1      | Learned a level 4 spell: Petrify
  4129 | D:1      | Reached * piety under Vehumet
  4129 | D:1      | Offered knowledge of Magic Dart by Vehumet.
  4159 | D:1      | Reached skill level 9 in Earth Magic
  4593 | D:2      | Killed Sigmund
  4649 | D:2      | Found a runed door.
  5833 | D:2      | Noticed Crazy Yiuf
  5837 | D:2      | Killed Crazy Yiuf
  6293 | D:4      | Killed Duvessa
  6293 | D:4      | Offered knowledge of Sting by Vehumet.
  6380 | D:4      | Killed Dowan
  6380 | D:4      | Reached ** piety under Vehumet
  6857 | D:6      | Reached skill level 5 in Spellcasting
  6970 | D:6      | Reached XP level 9. HP: 62/62 MP: 7/15
  7091 | D:6      | Found a glowing golden altar of the Shining One.
  7251 | D:6      | Reached skill level 10 in Earth Magic
  7401 | D:6      | Found a burning altar of Makhleb.
  7490 | D:6      | Noticed Prince Ribbit
  7499 | D:6      | Killed Prince Ribbit
  7783 | D:7      | Reached skill level 11 in Earth Magic
  7949 | D:7      | Found an opulent altar of Gozag.
  7959 | D:7      | Noticed Harold
  8307 | D:7      | Offered knowledge of Mephitic Cloud by Vehumet.
  8365 | D:7      | Reached *** piety under Vehumet
  8404 | D:7      | Reached skill level 12 in Earth Magic
  8461 | D:7      | Learned a level 3 spell: Mephitic Cloud
  8525 | D:7      | Killed Harold
  8525 | D:7      | Reached XP level 10. HP: 45/69 MP: 7/18
  8816 | D:7      | Reached skill level 1 in Fighting
  8886 | D:7      | Found a staircase to the Ecumenical Temple.
  9100 | D:8      | Offered knowledge of Static Discharge by Vehumet.
  9140 | D:8      | Found a staircase to the Lair.
  9181 | D:8      | Noticed Pikel
  9223 | D:8      | Killed Pikel
  9223 | D:8      | Reached skill level 5 in Fighting
  9327 | D:8      | Found a sand-covered staircase.
  9339 | D:8      | Reached **** piety under Vehumet
  9342 | Ossuary  | Entered an ossuary
  9416 | Ossuary  | Offered knowledge of Inner Flame by Vehumet.
  9416 | Ossuary  | Reached skill level 5 in Dodging
  9677 | Ossuary  | Reached skill level 1 in Evocations
  9935 | D:8      | Found a deep blue altar of Sif Muna.
 10803 | D:9      | Noticed Grum
 10822 | D:9      | Killed Grum
 10822 | D:9      | Reached XP level 11. HP: 59/88 MP: 3/19
 11052 | D:9      | Found a bloodstained altar of Trog.
 11802 | D:10     | Entered Level 10 of the Dungeon
 11836 | D:10     | Found Beniereg's Assorted Antiques.
 11880 | D:10     | Bought a scroll labeled OGRACI CIRY for 22 gold pieces
 11880 | D:10     | Bought a scroll labeled ZEANLY PEMMYSH for 22 gold pieces
 11880 | D:10     | Bought a glowing cloak for 165 gold pieces
 12350 | D:10     | Reached ***** piety under Vehumet
 12608 | D:10     | Noticed Nergalle
 12628 | D:10     | Killed Nergalle
 12752 | D:10     | Offered knowledge of Ozocubu's Refrigeration by Vehumet.
 13037 | D:11     | Identified a paperback manual
 13083 | D:11     | Got a warped rapier
 13084 | D:11     | Identified the cursed +1 rapier of the Dungeon {freeze,
                  | Str+7} (You found it on level 11 of the Dungeon)
 13223 | D:11     | Noticed a cyclops
 13238 | D:11     | Killed a cyclops
 13252 | D:11     | Found a staircase to the Orcish Mines.
 13465 | D:11     | Got a transparent tin ring
 13467 | D:11     | Identified the cursed ring of the Firefly {rElec rN+ AC-3
                  | Stlth+} (You found it on level 11 of the Dungeon)
 13583 | D:11     | Found a flagged portal.
 13624 | Bailey   | Entered a bailey
 13652 | Bailey   | Noticed an orc warlord
 13894 | Bailey   | Noticed an orc knight
 13908 | Bailey   | Killed an orc knight
 13948 | Bailey   | Found a runed gate.
 13948 | Bailey   | Found a runed gate.
 13948 | Bailey   | Found a runed gate.
 14077 | Bailey   | Killed an orc warlord
 14077 | Bailey   | Reached XP level 12. HP: 101/101 MP: 20/20
 14115 | Bailey   | Identified a scroll of acquirement {!r}
 14253 | D:11     | Reached skill level 5 in Evocations
 14494 | Orc:1    | Entered Level 1 of the Orcish Mines
 14494 | Orc:1    | Found a roughly hewn altar of Beogh.
 14965 | Orc:2    | Entered Level 2 of the Orcish Mines
 14967 | Orc:2    | Offered knowledge of Venom Bolt by Vehumet.
 15042 | Orc:2    | Found a staircase to the Elven Halls.
 15069 | Orc:2    | Reached skill level 13 in Earth Magic
 15660 | Orc:2    | Found a roughly hewn altar of Beogh.
 16173 | Orc:2    | Found a roughly hewn altar of Beogh.
 16211 | Orc:2    | Noticed a two-headed ogre
 16218 | Orc:2    | Killed a two-headed ogre
 16328 | Orc:2    | Noticed Saint Roka
 16623 | Orc:2    | Offered knowledge of Iron Shot by Vehumet.
 16634 | Orc:2    | Learned a level 6 spell: Iron Shot
 16688 | Orc:2    | Found a roughly hewn altar of Beogh.
 16693 | Orc:2    | Found Awkyqila's Antique Weapon Shoppe.
 16859 | Orc:2    | Found a roughly hewn altar of Beogh.
 16860 | Orc:2    | Reached skill level 14 in Earth Magic
 16913 | Orc:2    | Noticed Erolcha
 16916 | Orc:2    | Killed Erolcha
 17002 | Orc:2    | Noticed Sonja
 17003 | Orc:2    | Killed Sonja
 17004 | Orc:2    | Found a roughly hewn altar of Beogh.
 17591 | Orc:2    | Found Ysigoxif's Weapon Shop.
 17926 | Orc:2    | Noticed an orc warlord
 18232 | Orc:2    | Found Lic Rimo's Antique Weapon Boutique.
 18239 | Orc:2    | Found a roughly hewn altar of Beogh.
 18243 | Orc:2    | Found Qomu's Antique Armour Shop.
 18419 | Orc:2    | Found a roughly hewn altar of Beogh.
 18741 | D:11     | Killed an orc warlord
 18741 | D:11     | Reached XP level 13. HP: 97/107 MP: 4/24
 18845 | Lair:1   | Entered Level 1 of the Lair of Beasts
 18925 | Lair:1   | Reached skill level 15 in Earth Magic
 19066 | Lair:1   | Offered knowledge of Bolt of Magma by Vehumet.
 19962 | Lair:2   | Found a staircase to the Swamp.
 20005 | Lair:2   | Got a distressingly furry ring mail
 20019 | Lair:2   | Identified the +1 ring mail "Zeittain" {rF+ rC+} (You found
                  | it on level 2 of the Lair of Beasts)
 20172 | Lair:2   | Found a staircase to the Snake Pit.
 20496 | Lair:2   | Reached skill level 16 in Earth Magic
 20765 | Lair:2   | Noticed Gastronok
 20845 | Lair:2   | Killed Gastronok
 21884 | Lair:4   | Noticed Josephine
 21985 | Lair:4   | Killed Josephine
 22170 | Lair:4   | Reached skill level 17 in Earth Magic
 22281 | Lair:4   | Reached XP level 14. HP: 115/115 MP: 19/26
 22497 | Lair:4   | Offered knowledge of Spellforged Servitor by Vehumet.
 22995 | Lair:5   | Found a transporter.
 23321 | Lair:5   | Found a staircase to the Slime Pits.
 23394 | Lair:5   | Reached skill level 10 in Spellcasting
 23438 | Lair:5   | Found a transporter.
 23611 | Lair:5   | Found a shimmering altar of Xom.
 23733 | Lair:5   | Reached skill level 1 in Staves
 23864 | Lair:5   | Reached skill level 18 in Earth Magic
 23864 | Lair:5   | Reached XP level 15. HP: 113/121 MP: 22/28
 24173 | Lair:5   | Found a transporter.
 24232 | Lair:5   | Noticed Dukluodd's ghost (journeyman HaGl)
 24256 | Lair:5   | Found a transporter.
 24501 | Lair:6   | Entered Level 6 of the Lair of Beasts
 25901 | Lair:6   | Learned a level 5 spell: Fireball
 26432 | Lair:6   | Reached skill level 19 in Earth Magic
 26434 | Lair:6   | Offered knowledge of Poison Arrow by Vehumet.
 27296 | Lair:6   | Got a glittering golden ring
 27302 | Lair:6   | Identified the ring "Zycliunt" {rCorr MP-9 Str+9} (You
                  | found it on level 6 of the Lair of Beasts)
 27454 | Snake:1  | Entered Level 1 of the Snake Pit
 27573 | Snake:1  | Reached XP level 16. HP: 128/128 MP: 20/30
 27787 | Snake:1  | Slain by an alligator

Vault maps used:
D:1:      minmay_arrival_four_houses, minmay_strange_pillars
D:2:      kennysheep_generic_room_5, uniq_crazy_yiuf_cottage, uniq_sigmund,
          uniq_robin
D:3:      first_ration, portal_sewer_entry_d, kennysheep_cross_room
D:4:      xom_teletrap_fun, lemuel_round_altar, serial_shops, shop,
          palyth_stone_intersect
D:5:      grunt_temple_overflow_open, st_stairs_6, uniq_duvessa
D:6:      makhleb_heckhound_becter, nicolae_tso_carved_into_rock,
          uniq_prince_ribbit1
D:7:      grunt_gozag_statues, temple_green, the_bakery, due_unseen_surprise,
          uniq_harold
D:8:      old_standard_altar, lair_entry_dummy, nicolae_ossuary_entry_catacombs,
          small_statue_intersection, uniq_pikel
D:9:      trog_ov_bears_minmay, nrook_mini_backslash, uniq_grum
D:10:     serial_shops, nicolae_shop_trees, uniq_nergalle
D:11:     david_orc_2, enter_bailey_2
Lair:1:   kb_forest_paths
Lair:2:   swamp_mist_pool, minmay_snake_entry_guardpost_medium,
          forest_entry_grove, uniq_gastronok
Lair:4:   infiniplex_staircase_pool, uniq_josephine
Lair:5:   gammafunk_cloud_chamber, minmay_slime_entry_pillars,
          gammafunk_ghost_arena, basic_altar, minivault_19,
          minmay_lair_oklob_chamber, lemuel_fruit_fields
Lair:6:   due_jungle_book, wad_woods_03
Snake:1:  onia_ninara_swampy_vault, ebering_ghost_rock_garden,
          guppyfry_snake_island
Orc:1:    basic_altar
Orc:2:    grunt_orc_community_town_hall, grunt_orc_community_big_house_1,
          grunt_orc_community_big_house_1, grunt_orc_community_house_3,
          grunt_orc_community_house_3, grunt_orc_community_house_2,
          grunt_orc_community_house_2, grunt_orc_community_house_2, basic_altar,
          uniq_erolcha, uniq_sonja, uniq_saint_roka
Sewer:    sewer_minmay_treatment
Ossuary:  ossuary_tomb_3
Bailey:   bailey_axe_bossmonster_kennysheep, bailey

Skill      XL: |  1  2  3  4  5  6  7  8  9 10 11 12 13 14 15 |
---------------+----------------------------------------------+-----
Spellcasting   | 2 3 4 5 6 8 9 10 11 | 11.3
Earth Magic    | 4 5 6 7 8 9 12 14 17 18 19 | 19.5
Shields        | 4 |  4.0
Dodging        | 4 5 8 |  8.0
Fighting       | 6 8 |  8.4
Evocations     | 4 5 |  5.0
Staves         | 3 4 |  4.0
Stealth        | |  2.1
Transmutations | |  0.8

Action                   |  1- 3 |  4- 6 |  7- 9 | 10-12 | 13-15 | 16-18 || total
-------------------------+-------+-------+-------+-------+-------+-------++-------
Melee: Unarmed           |    15 |       |       |       |       |       ||    15
       Dagger            |    59 |   219 |   188 |       |       |       ||   466
       Short sword       |       |       |    99 |    45 |       |       ||   144
       Long sword        |       |       |    38 |   118 |       |       ||   156
       Staff             |       |       |       |    16 |    58 |    10 ||    84
 Fire: Blowgun           |       |       |     4 |       |       |       ||     4
 Cast: Sandblast         |    19 |    40 |    86 |   274 |    93 |    20 ||   532
       Stone Arrow       |     1 |    18 |    64 |   149 |   119 |     1 ||   352
       Passwall          |     1 |       |     2 |     2 |       |       ||     5
       Lee's Rapid Decon |       |       |    20 |    88 |   155 |    13 ||   276
       Mephitic Cloud    |       |       |     2 |     5 |     1 |       ||     8
       Petrify           |       |       |       |    18 |     1 |       ||    19
       Fireball          |       |       |       |       |     7 |       ||     7
Evoke: Wand              |     3 |       |     4 |     6 |     2 |     4 ||    19
  Use: Scroll            |     1 |       |       |    21 |    12 |     1 ||    35
       Potion            |       |       |       |     7 |     1 |       ||     8
 Stab: Sleeping          |     1 |     2 |     3 |     2 |     1 |       ||     9
       Confused          |       |       |     1 |       |       |       ||     1
       Distracted        |       |       |       |     1 |       |       ||     1
  Eat: Chunk             |     8 |    25 |    38 |    76 |    67 |     5 ||   219
       Ration            |       |       |       |     1 |       |       ||     1
Armor: Robe              |    30 |    58 |     3 |       |       |       ||    91
       Leather armour    |       |       |   147 |   111 |    37 |    14 ||   309
Dodge: Dodged            |    88 |   138 |   263 |   247 |    67 |    33 ||   836
       Deflected         |       |       |       |       |       |     7 ||     7
Block: Buckler           |       |       |    25 |    77 |    39 |    16 ||   157
       Rpst.: Long sword |       |       |    11 |    33 |       |       ||    44

Table legend:
 A = Non-vault XP
 B = Vault XP
 C = Vault XP percentage of total XP
 D = Non-vault monster count
 E = Vault monster count
 F = Vault count percentage of total count
                 A         B        C        D         E       F
            +---------+---------+-------+---------+---------+-------
      Total |   64375 |   34515 |  34.9 |     490 |     276 |  36.0
            +---------+---------+-------+---------+---------+-------
        D:1 |      45 |       0 |   0.0 |      24 |       0 |   0.0
        D:2 |     224 |     318 |  58.7 |      33 |      15 |  31.2
        D:3 |     134 |      14 |   9.5 |      19 |       1 |   5.0
        D:4 |     508 |     231 |  31.3 |      18 |       2 |  10.0
        D:5 |     451 |      58 |  11.4 |      21 |       2 |   8.7
        D:6 |     701 |     320 |  31.3 |      20 |       2 |   9.1
        D:7 |    1475 |    1150 |  43.8 |      36 |       2 |   5.3
        D:8 |    1488 |     924 |  38.3 |      34 |       7 |  17.1
        D:9 |    1155 |     802 |  41.0 |      13 |       6 |  31.6
       D:10 |    2489 |     820 |  24.8 |      27 |       1 |   3.6
       D:11 |    3192 |    1691 |  34.6 |      41 |       7 |  14.6
     Lair:1 |    3497 |    2725 |  43.8 |      13 |      11 |  45.8
     Lair:2 |    4096 |    3610 |  46.8 |      18 |      10 |  35.7
     Lair:3 |    3668 |       0 |   0.0 |      16 |       0 |   0.0
     Lair:4 |    3884 |    1901 |  32.9 |      18 |       5 |  21.7
     Lair:5 |    6063 |    6224 |  50.7 |      27 |      16 |  37.2
     Lair:6 |   21166 |    3320 |  13.6 |      42 |       8 |  16.0
    Snake:1 |    5148 |    1411 |  21.5 |       8 |       5 |  38.5
      Orc:1 |    1342 |     168 |  11.1 |      23 |       3 |  11.5
      Orc:2 |    3649 |    5971 |  62.1 |      39 |      82 |  67.8
      Sewer |       0 |     161 | 100.0 |       0 |      48 | 100.0
    Ossuary |       0 |     196 | 100.0 |       0 |      16 | 100.0
     Bailey |       0 |    2500 | 100.0 |       0 |      27 | 100.0
            +---------+---------+-------+---------+---------+-------
